 Dungeon Sprint DCSS version 0.28-a0-863-g8cecda6153 (webtiles) character file.

Game seed: 6052152358770761524

689 emperorscorpion the Thaumaturge (level 7, -4/49 HPs)
             Began as a Djinni Air Elementalist on Nov 18, 2021.
             Was a Follower of Makhleb.
             Slain by a troll (10 damage)
             ... in the Dungeon (Sprint IX: "|||||||||||||||||||||||||||||").
             The game lasted 00:06:20 (940 turns).

emperorscorpion the Thaumaturge (DjAE)               Turns: 940, Time: 00:06:21

Health: -4/49      AC:  3    Str:  7    XL:     7   Next: 95%
Gold:   0          EV: 17    Int: 19    God:    Makhleb [*.....] SH:  0 Dex: 16

rFire   + + .      SeeInvis .   a - +2 rapier (drain)
rCold   x . .      Faith    .   (no shield)
rNeg    . . .      Spirit   .   i - +0 robe
rPois   ∞          Reflect  .   k - +0 helmet
rElec   .          Harm     .   (no cloak)
rCorr   .          Rampage  .   (no gloves)
Will    .....      NoTele   +   (boots unavailable)
Stlth   +++.......              (no amulet)
HPRegen 0.16/turn               m - +3 ring of dexterity
MPRegen 0.00/turn               n - +2 ring of evasion

@: flying
A: sickness immunity, fire resistance 2, cold vulnerability 1, float, innate
caster, hp casting, extra vitality 1
a: Renounce Religion


You were in the Dungeon.
You worshipped Makhleb.
Makhleb was aware of your devotion.
You visited 1 branch

Inventory:

Hand Weapons
 a - a +2 rapier of draining (weapon)
 g - a +0 dagger
 j - a +2 scimitar of holy wrath
Armour
 i - a +0 robe (worn)
 k - a +0 helmet (worn)
 l - a +0 plate armour
Jewellery
 m - a +3 ring of dexterity (left hand)
 n - a +2 ring of evasion (right hand)
Wands
 h - a wand of acid (9)
Scrolls
 f - 2 scrolls of blinking
Potions
 b - 5 potions of curing
 c - a potion of invisibility
 d - a potion of haste
 e - 2 potions of heal wounds


   Skills:
 + Level 2.0 Fighting
 * Level 4.2 Armour
 + Level 6.3 Dodging
 - Level 3.7 Stealth
 + Level 10.4 Spellcasting
 * Level 4.1 Invocations
 + Level 0.4 Evocations


You had 10 spell levels left.
You knew the following spells:

 Your Spells              Type           Power      Damage    Failure   Level
a - Shock                 Conj/Air       100%       1d9       1%          1
b - Static Discharge      Conj/Air       49%        N/A       1%          2
c - Swiftness             Air            49%        N/A       1%          3
d - Airstrike             Air            24%        N/A       1%          4
e - Summon Small Mammal   Summ           100%       N/A       1%          1
f - Poisonous Vapours     Pois/Air       98%        N/A       1%          2
g - Dazzling Flash        Conj/Hex       98%        N/A       1%          3
Your spell library was empty.

Dungeon Overview and Level Annotations

Branches:
Dungeon (1/1)

Altars:
Cheibriados
Dithmenos
Elyvilon
Fedhas
Gozag
Hepliaklqana
Kikubaaqudgha
Makhleb
Nemelex Xobeh
Okawaru
Qazlal
Ru
Sif Muna
Trog
Uskayaw
Vehumet
Wu Jian
Xom
Yredelemnul
Zin
The Shining One
Beogh
Jiyva
Lugonu


Innate Abilities, Weirdness & Mutations

You are immune to sickness and miasma.
You are immune to poison.
Your flesh is very heat resistant. (rF++)
You are vulnerable to cold. (rC-)
You float through the air rather than walking.
You learn spells naturally, not from books.
Your magical power is your life essence.
You have superior vitality. (+4 HP)


Message History

Confirm with . or Enter, or press ? or * to list all spells.
The troll is struck by an arc of lightning!
The troll is moderately wounded.
The lightning grounds out.
The troll bites you! The troll closely misses you. x2
Unknown command.
Press < or > to pray at altars.
Casting: Static Discharge (safe; 1% risk of failure)
Confirm with . or Enter, or press ? or * to list all spells.
The troll is struck by an arc of lightning!
The troll is severely wounded.
The lightning grounds out.
The troll barely misses you. The troll claws you.
The troll completely misses you.
Unknown command.
Press < or > to pray at altars.
Unknown command.
Press < or > to pray at altars.
Casting: Static Discharge (safe; 1% risk of failure)
Confirm with . or Enter, or press ? or * to list all spells.
The troll is struck by an arc of lightning.
The troll is severely wounded.
You are struck by an arc of lightning.
The troll is struck by an arc of lightning.
The troll is almost dead.
The lightning grounds out.
The troll misses you. The troll claws you.
* * * LOW HITPOINT WARNING * * *
The troll closely misses you.
Unknown command.
Press < or > to pray at altars.
Casting: Static Discharge (safe; 1% risk of failure)
Confirm with . or Enter, or press ? or * to list all spells.
The troll is struck by an arc of lightning.
The troll is almost dead.
You are struck by an arc of lightning.
* * * LOW HITPOINT WARNING * * *
The lightning grounds out.
* * * LOW HITPOINT WARNING * * *
The troll barely misses you. The troll claws you.
* * * LOW HITPOINT WARNING * * *
The troll claws you!
You die...

▓_▓
▓_▓
▓_▓
▓_▓
▓_▓
▓_▓
▓_▓
▓T▓
▓@▓
▓_▓
▓_▓
▓_▓
▓_▓
▓_▓
▓'▓
▓.▓
▓.▓


You could see a troll (blind).

Vanquished Creatures
  A yak (D)
  A steam dragon (D)
  A water moccasin (D)
  An orc warrior (D)
  A black bear (D)
  A centaur (D)
  A howler monkey (D)
  An adder (D)
  A dart slug (D)
  A ball python (D)
  A goblin (D)
  A hobgoblin (D)
  2 giant cockroach zombies (D)
  A rat (D)
15 creatures vanquished.

Notes
Turn   | Place    | Note
-------+----------+-------------------------------------------
     0 | D        | emperorscorpion the Djinni Air Elementalist began the quest
                  | for the Orb.
     0 | D        | Reached XP level 1. HP: 15/15 MP: 0/0
     2 | D        | Banished a spatial maelstrom
     6 | D        | Reached skill level 3 in Spellcasting
     7 | D        | Reached XP level 2. HP: 17/21 MP: 0/0
    61 | D        | Noticed a black bear
    61 | D        | Noticed a howler monkey
    61 | D        | Noticed a water moccasin
    68 | D        | Killed a water moccasin
    69 | D        | Reached skill level 6 in Spellcasting
    69 | D        | Reached XP level 3. HP: 21/26 MP: 0/0
    69 | D        | Learned a level 1 spell: Summon Small Mammal
    69 | D        | Reached XP level 4. HP: 24/31 MP: 0/0
    69 | D        | Reached XP level 5. HP: 29/36 MP: 0/0
    69 | D        | Learned a level 2 spell: Poisonous Vapours
    77 | D        | Reached skill level 1 in Fighting
    77 | D        | Reached skill level 7 in Spellcasting
    78 | D        | Killed a black bear
    79 | D        | Reached skill level 5 in Dodging
    79 | D        | Reached skill level 8 in Spellcasting
    79 | D        | Reached XP level 6. HP: 4/42 MP: 0/0
    85 | D        | Found a snail-covered altar of Cheibriados.
    85 | D        | Found a shadowy altar of Dithmenos.
    85 | D        | Found a white marble altar of Elyvilon.
    85 | D        | Found a blossoming altar of Fedhas.
    85 | D        | Found an opulent altar of Gozag.
    86 | D        | Found a hazy altar of Hepliaklqana.
    87 | D        | Found a viscous altar of Jiyva.
    89 | D        | Found a corrupted altar of Lugonu.
    90 | D        | Found a burning altar of Makhleb.
    91 | D        | Found a sparkling altar of Nemelex Xobeh.
    92 | D        | Found an iron altar of Okawaru.
    93 | D        | Found a stormy altar of Qazlal.
    94 | D        | Found a sacrificial altar of Ru.
    96 | D        | Found a bloodstained altar of Trog.
    97 | D        | Found a hide-covered altar of Uskayaw.
    98 | D        | Became a worshipper of Makhleb the Destroyer
   100 | D        | Found an ornate altar of the Wu Jian Council.
   101 | D        | Found a shimmering altar of Xom.
   102 | D        | Found a basalt altar of Yredelemnul.
   103 | D        | Found a glowing silver altar of Zin.
   104 | D        | Found a glowing golden altar of the Shining One.
   341 | D        | Noticed a troll
   341 | D        | Noticed an orc warrior
   341 | D        | Noticed a yak
   341 | D        | Noticed a steam dragon
   432 | D        | Killed a steam dragon
   433 | D        | Reached skill level 9 in Spellcasting
   433 | D        | Reached XP level 7. HP: 37/47 MP: 0/0
   433 | D        | Learned a level 3 spell: Dazzling Flash
   481 | D        | Killed a yak
   656 | D        | Reached * piety under Makhleb
   686 | D        | Reached skill level 10 in Spellcasting
   940 | D        | Slain by a troll

Illustrated notes

Levels and vault maps discovered:
D:        linesprint [early_d, line_temple, items_1, d_10, items_2, lair_1,
          lair_end, items_3, orc_1, orc_end, items_4, d_15, swamp_1, shoals_1,
          snake_1, spider_1, d_20, vaults_1, items_5, swamp_end, shoals_end,
          snake_end, spider_end, vaults_end, d_27, items_6, zot_1, zot_end,
          crypt_end, forest_end, elf_end, slime_end, tomb_end, abyss_end,
          pan_hell_end]

Skill      XL: |  1  2  3  4  5  6  7 |
---------------+----------------------+-----
Spellcasting   | 3 6 8 9 10 | 10.4
Dodging        | 4 5 6 |  6.3
Stealth        | 3 |  3.7
Fighting       | 1 2 |  2.0
Armour         | 2 4 |  4.2
Invocations    | 2 4 |  4.1
Evocations     | |  0.4

Action                   |  1- 3 |  4- 6 |  7- 9 || total
-------------------------+-------+-------+-------++-------
Melee: Dagger            |     3 |     4 |       ||     7
 Cast: Shock             |     4 |     5 |    17 ||    26
       Static Discharge  |     1 |     3 |     9 ||    13
       Summon Small Mamm |       |     1 |       ||     1
       Swiftness         |       |     1 |       ||     1
       Dazzling Flash    |       |       |     6 ||     6
       Poisonous Vapours |       |       |     1 ||     1
Evoke: Wand              |       |     1 |       ||     1
  Use: Potion            |     2 |       |       ||     2
Dodge: Dodged            |     2 |     6 |    10 ||    18

Table legend: (Time is in decaauts)
 A = Elapsed time spent in this place.
 B = Non-inter-level travel time spent in this place.
 C = Inter-level travel time spent in this place.
 D = Time resting spent in this place.
 E = Time spent auto-exploring this place.
 F = Levels seen in this place.
 G = Mean time per level.
                   A        B        C        D        E       F      G
               +--------+--------+--------+--------+--------+-----+--------+
         Total |    946 |    854 |     92 |    402 |    264 |   1 |  946.0 |
       Dungeon |    946 |    854 |     92 |    402 |    264 |   1 |  946.0 |
               +--------+--------+--------+--------+--------+-----+--------+

Top non-repeatable levels by time:
       D: 946 daAuts
